General information
- name: BNet
- type: Ladder team game (AT/RT)
- host: Battle.net
- saver: JeremiahJohnson
map: FullScaleAssault
- players: 8
- length: 36:52
- speed: Fast
- version: 1.24 W3XP
- replay type: Public
» download(250 KB)
Players
team 1 (winner)

»
2girls1puck (
purple | 64 APM | 2374 actions | 36:52)
6 Death Knight
3 Death Coil
2 Unholy Aura
1 Animate Dead
4 Lich
2 Frost Nova
2 Frost Armor
» actions
| Assign group hotkey | 255 | |
| Basic commands | 91 | |
| Build / train | 90 | |
| Enter build submenu | 28 | |
| Enter hero's abilities submenu | 11 | |
| Give item / drop item | 4 | |
| Right click | 721 | |
| Select / deselect | 216 | |
| Select group hotkey | 877 | |
| Use ability | 81 | |
2374 total
» units
| Acolyte | 7 | |
| Ghoul | 6 | |
| Crypt Fiend | 18 | |
| Goblin Zeppelin | 1 | |
| Frost Wyrm | 17 | |
| Obsidian Statue | 2 | |
| Abomination | 3 | |
| Gargoyle | 5 | |
59 total
» upgrades
| Creature Attack | 3 | |
| Web | 1 | |
| Freezing Breath | 1 | |
| Creature Carapace | 1 | |
6 total
» buildings
| Altar of Darkness | 1 | |
| Ziggurat | 10 | |
| Crypt | 1 | |
| Nerubian Tower | 1 | |
| Graveyard | 2 | |
| Tomb of Relics | 1 | |
| Halls of the Dead | 1 | |
| Black Citadel | 1 | |
| Sacrificial Pit | 1 | |
| Boneyard | 2 | |
| Slaughterhouse | 1 | |
| Spirit Tower | 3 | |
| Necropolis | 1 | |
26 total
» build order
00:10 Altar of Darkness
00:13 Ziggurat
00:27 Crypt
01:07 Nerubian Tower
01:14 Graveyard
01:18 Graveyard
01:44 Ziggurat
02:42 Tomb of Relics
03:31 Halls of the Dead
05:05 Ziggurat
06:21 Black Citadel
06:24 Ziggurat
07:11 Sacrificial Pit
08:39 Ziggurat
09:50 Boneyard
11:11 Boneyard
11:30 Ziggurat
14:17 Slaughterhouse
14:35 Ziggurat
14:54 Ziggurat
15:34 Spirit Tower
15:38 Necropolis
15:45 Ziggurat
18:19 Spirit Tower
18:21 Spirit Tower
26:05 Ziggurat
» items
| Rod of Necromancy | 1 | |
| Potion of Healing | 2 | |
| Scroll of Town Portal | 1 | |
| Potion of Lesser Invulnerability | 1 | |
| Boots of Speed | 1 | |
| Orb of Corruption | 1 | |
7 total

»
JeremiahJohnson (
teal | 75 APM | 2775 actions | 36:52)
7 Goblin Tinker
3 Pocket Factory
2 Engineering Upgrade
1 Robo-Goblin
1 Cluster Rockets
» actions
| Assign group hotkey | 103 | |
| Basic commands | 30 | |
| Build / train | 127 | |
| ESC pressed | 4 | |
| Enter build submenu | 67 | |
| Enter hero's abilities submenu | 7 | |
| Give item / drop item | 7 | |
| Right click | 1001 | |
| Select / deselect | 323 | |
| Select group hotkey | 902 | |
| Use ability | 204 | |
2775 total
» units
| Peasant | 31 | |
| Goblin Shredder | 6 | |
| Goblin Zeppelin | 1 | |
| Flying Machine | 24 | |
62 total
» upgrades
| Masonry | 3 | |
| Magic Sentry | 1 | |
| Gunpowder | 2 | |
| Plating | 2 | |
| Flak Cannons | 1 | |
| Flying Machine Bombs | 1 | |
10 total
» buildings
| Altar of Kings | 1 | |
| Farm | 12 | |
| Lumber Mill | 1 | |
| Scout Tower | 119 | |
| Town Hall | 4 | |
| Arcane Tower | 1 | |
| Guard Tower | 39 | |
| Keep | 1 | |
| Arcane Sanctum | 1 | |
| Castle | 1 | |
| Blacksmith | 1 | |
| Workshop | 6 | |
187 total
» build order
00:08 Altar of Kings
00:20 Farm
00:43 Farm
01:09 Lumber Mill
01:59 Farm
03:24 Scout Tower
03:50 Town Hall
03:56 Scout Tower
03:57 Scout Tower
03:59 Scout Tower
03:59 Scout Tower
04:06 Arcane Tower
04:09 Farm
05:07 Guard Tower
05:08 Scout Tower
05:08 Scout Tower
05:29 Keep
05:39 Guard Tower
05:42 Scout Tower
05:42 Scout Tower
05:56 Scout Tower
05:57 Guard Tower
06:14 Scout Tower
06:14 Scout Tower
06:15 Guard Tower
06:19 Scout Tower
06:20 Scout Tower
06:20 Scout Tower
06:21 Scout Tower
06:27 Scout Tower
06:27 Scout Tower
06:27 Scout Tower
06:28 Scout Tower
06:31 Scout Tower
06:32 Scout Tower
06:33 Guard Tower
06:44 Guard Tower
06:44 Guard Tower
06:58 Guard Tower
06:59 Scout Tower
06:59 Scout Tower
07:00 Scout Tower
07:00 Scout Tower
07:00 Scout Tower
07:01 Scout Tower
07:01 Scout Tower
07:01 Scout Tower
07:10 Scout Tower
07:17 Guard Tower
07:31 Guard Tower
07:31 Guard Tower
07:34 Guard Tower
07:34 Guard Tower
07:38 Guard Tower
07:40 Scout Tower
07:41 Scout Tower
07:57 Guard Tower
08:01 Farm
08:06 Scout Tower
08:07 Scout Tower
08:07 Scout Tower
08:07 Scout Tower
08:11 Scout Tower
08:12 Scout Tower
08:20 Scout Tower
08:22 Scout Tower
08:47 Guard Tower
09:15 Guard Tower
09:53 Town Hall
10:15 Scout Tower
10:16 Scout Tower
10:16 Scout Tower
10:17 Scout Tower
10:17 Scout Tower
10:17 Scout Tower
10:20 Guard Tower
10:21 Arcane Sanctum
10:22 Castle
10:23 Scout Tower
10:24 Scout Tower
10:25 Scout Tower
10:25 Scout Tower
10:26 Scout Tower
10:26 Scout Tower
10:26 Scout Tower
10:27 Scout Tower
10:28 Scout Tower
11:07 Scout Tower
11:08 Scout Tower
11:09 Scout Tower
11:09 Scout Tower
11:10 Scout Tower
11:10 Scout Tower
11:11 Scout Tower
11:11 Scout Tower
11:12 Scout Tower
11:12 Scout Tower
11:13 Scout Tower
11:14 Scout Tower
11:14 Scout Tower
11:15 Scout Tower
11:15 Scout Tower
11:16 Scout Tower
11:16 Scout Tower
11:40 Blacksmith
11:42 Guard Tower
11:46 Scout Tower
11:47 Scout Tower
11:47 Scout Tower
11:51 Scout Tower
11:52 Scout Tower
12:02 Guard Tower
12:14 Guard Tower
12:17 Guard Tower
12:27 Scout Tower
12:28 Guard Tower
12:45 Guard Tower
12:47 Guard Tower
12:51 Guard Tower
13:37 Guard Tower
13:43 Guard Tower
13:46 Scout Tower
13:47 Scout Tower
13:47 Scout Tower
13:49 Scout Tower
13:49 Scout Tower
13:59 Scout Tower
13:59 Scout Tower
13:59 Scout Tower
14:00 Scout Tower
14:00 Scout Tower
14:00 Scout Tower
14:01 Scout Tower
14:02 Guard Tower
14:04 Guard Tower
14:35 Guard Tower
14:39 Workshop
14:43 Guard Tower
14:46 Farm
14:46 Farm
14:47 Farm
14:47 Farm
14:47 Farm
14:49 Workshop
14:56 Farm
14:57 Scout Tower
14:58 Scout Tower
14:58 Scout Tower
14:58 Scout Tower
14:59 Scout Tower
15:27 Workshop
15:31 Guard Tower
15:48 Workshop
15:50 Workshop
15:53 Workshop
16:36 Guard Tower
17:02 Scout Tower
17:02 Scout Tower
17:05 Scout Tower
17:05 Scout Tower
17:07 Scout Tower
17:07 Scout Tower
17:07 Scout Tower
17:48 Guard Tower
17:52 Town Hall
18:05 Guard Tower
19:07 Farm
27:19 Town Hall
32:57 Scout Tower
32:58 Scout Tower
32:58 Scout Tower
32:58 Scout Tower
32:59 Scout Tower
32:59 Scout Tower
32:59 Scout Tower
33:00 Scout Tower
33:00 Scout Tower
33:01 Scout Tower
33:01 Scout Tower
33:02 Scout Tower
33:02 Scout Tower
33:02 Scout Tower
33:03 Scout Tower
33:03 Scout Tower
34:49 Guard Tower
34:51 Guard Tower
» items
| Boots of Speed | 1 | |
| Staff of Teleportation | 1 | |
| Scroll of Town Portal | 2 | |
4 total
GeorgeWObama (
yellow | 88 APM | 3245 actions | 36:52)
8 Tauren Chieftain
3 Endurance Aura
3 War Stomp
1 Reincarnation
1 Shockwave
» actions
| Assign group hotkey | 56 | |
| Build / train | 115 | |
| Enter build submenu | 17 | |
| Enter hero's abilities submenu | 8 | |
| Give item / drop item | 3 | |
| Right click | 890 | |
| Select / deselect | 634 | |
| Select group hotkey | 1428 | |
| Use ability | 94 | |
3245 total
» units
| Peon | 13 | |
| Wind Rider | 31 | |
| Raider | 38 | |
| Kodo Beast | 1 | |
83 total
» upgrades
| Ranged Weapons | 3 | |
| Armor | 3 | |
| Ensnare | 1 | |
| Pillage | 1 | |
| Melee Weapons | 3 | |
| Envenomed Spears | 1 | |
| Reinforced Defenses | 1 | |
| War Drums Damage Increase | 1 | |
14 total
» buildings
| Orc Burrow | 8 | |
| War Mill | 1 | |
| Altar of Storms | 2 | |
| Stronghold | 1 | |
| Voodoo Lounge | 1 | |
| Beastiary | 2 | |
| Great Hall | 2 | |
| Fortress | 1 | |
18 total
» build order
00:10 Orc Burrow
00:16 War Mill
01:59 Altar of Storms
02:01 Altar of Storms
02:07 Orc Burrow
02:22 Stronghold
03:19 Voodoo Lounge
03:30 Orc Burrow
04:29 Orc Burrow
04:48 Beastiary
04:52 Beastiary
05:26 Orc Burrow
06:22 Orc Burrow
07:46 Great Hall
10:02 Orc Burrow
12:20 Orc Burrow
12:45 Fortress
35:37 Great Hall
» items
| Healing Salve | 1 | |
| Scroll of Town Portal | 5 | |
| Orb of Lightning | 1 | |
7 total

»
NeoExdeath (
pink | 29 APM | 1065 actions | 36:52)
7 Demon Hunter
3 Immolation
3 Evasion
1 Metamorphosis
1 Firelord
1 Incinerate
» actions
| Build / train | 98 | |
| Enter build submenu | 19 | |
| Enter hero's abilities submenu | 8 | |
| Remove unit from queue | 10 | |
| Right click | 512 | |
| Select / deselect | 359 | |
| Use ability | 59 | |
1065 total
» units
| Wisp | 17 | |
| Druid of the Claw | 6 | |
| Druid of the Talon | 33 | |
| Goblin Zeppelin | 2 | |
| Hippogryph | -2 | |
| Dryad | 10 | |
66 total
» upgrades
| Reinforced Hides | 2 | |
| Strength of the Wild | 2 | |
| Druid of the Talon Training | 2 | |
| Druid of the Claw Training | 2 | |
8 total
» buildings
| Moon Well | 6 | |
| Altar of Elders | 1 | |
| Ancient of War | 1 | |
| Ancient of Wonders | 1 | |
| Hunter's Hall | 1 | |
| Tree of Ages | 1 | |
| Ancient of Lore | 2 | |
| Ancient of Wind | 1 | |
| Tree of Eternity | 1 | |
| Tree of Life | 1 | |
16 total
» build order
00:09 Moon Well
00:12 Altar of Elders
01:05 Ancient of War
01:39 Ancient of Wonders
02:00 Moon Well
02:31 Hunter's Hall
03:21 Moon Well
04:00 Tree of Ages
04:04 Moon Well
05:34 Moon Well
06:30 Ancient of Lore
06:36 Ancient of Wind
06:43 Ancient of Lore
08:26 Moon Well
09:33 Tree of Eternity
29:07 Tree of Life
» items
team 2 (loser)

»
PeonTheWall (
blue | 30 APM | 1099 actions | 36:51)
7 Dreadlord
3 Sleep
3 Vampiric Aura
1 Inferno
1 Death Knight
1 Unholy Aura
1 Priestess of the Moon
1 Trueshot Aura
» actions
| Basic commands | 31 | |
| Build / train | 110 | |
| ESC pressed | 1 | |
| Enter build submenu | 35 | |
| Enter hero's abilities submenu | 9 | |
| Give item / drop item | 2 | |
| Remove unit from queue | 7 | |
| Right click | 429 | |
| Select / deselect | 399 | |
| Use ability | 76 | |
1099 total
» units
| Acolyte | 10 | |
| Ghoul | 5 | |
| Crypt Fiend | 16 | |
| Goblin Zeppelin | 1 | |
| Gargoyle | 14 | |
| Frost Wyrm | 2 | |
| Obsidian Statue | 4 | |
| Necromancer | 10 | |
| Meatwagon | 1 | |
63 total
» upgrades
| Creature Carapace | 3 | |
| Web | 1 | |
| Creature Attack | 4 | |
| Freezing Breath | 1 | |
| Destroyer Form | 1 | |
| Necromancer Training | 1 | |
| Skeletal Mastery | 1 | |
| Skeletal Longevity | 1 | |
| Unholy Strength | 1 | |
14 total
» buildings
| Ziggurat | 13 | |
| Crypt | 2 | |
| Altar of Darkness | 1 | |
| Graveyard | 1 | |
| Nerubian Tower | 1 | |
| Halls of the Dead | 1 | |
| Spirit Tower | 8 | |
| Black Citadel | 1 | |
| Necropolis | 2 | |
| Sacrificial Pit | 1 | |
| Boneyard | 1 | |
| Slaughterhouse | 2 | |
| Tomb of Relics | 2 | |
| Temple of the Damned | 2 | |
| Tree of Life | 1 | |
| Moon Well | 1 | |
40 total
» build order
00:13 Ziggurat
00:19 Crypt
00:29 Altar of Darkness
01:17 Graveyard
01:34 Ziggurat
02:34 Nerubian Tower
03:02 Halls of the Dead
03:25 Ziggurat
03:32 Spirit Tower
05:27 Black Citadel
07:43 Black Citadel
08:42 Necropolis
08:59 Sacrificial Pit
09:08 Ziggurat
09:12 Ziggurat
10:48 Ziggurat
11:12 Ziggurat
11:41 Spirit Tower
12:10 Spirit Tower
12:42 Spirit Tower
12:53 Ziggurat
14:46 Spirit Tower
14:49 Ziggurat
14:52 Ziggurat
14:56 Ziggurat
15:00 Ziggurat
15:09 Boneyard
15:20 Slaughterhouse
15:37 Tomb of Relics
15:59 Spirit Tower
16:17 Crypt
16:26 Spirit Tower
22:55 Temple of the Damned
23:11 Slaughterhouse
23:18 Temple of the Damned
23:54 Necropolis
26:04 Tomb of Relics
28:38 Spirit Tower
30:51 Ziggurat
35:03 Tree of Life
35:31 Moon Well
» items
xXForFunNowxX (
red | 62 APM | 1929 actions | 30:58)
9 Priestess of the Moon
2 Scout
3 Trueshot Aura
3 Searing Arrows
1 Starfall
» actions
| Assign group hotkey | 45 | |
| Build / train | 84 | |
| ESC pressed | 1 | |
| Enter build submenu | 20 | |
| Enter hero's abilities submenu | 8 | |
| Right click | 654 | |
| Select / deselect | 461 | |
| Select group hotkey | 586 | |
| Use ability | 70 | |
1929 total
» units
| Wisp | 18 | |
| Archer | 19 | |
| Hippogryph | 21 | |
58 total
» upgrades
| Strength of the Moon | 3 | |
| Moon Armor | 5 | |
| Hippogryph Taming | 1 | |
| Improved Bows | 1 | |
| Marksmanship | 1 | |
11 total
» buildings
| Moon Well | 9 | |
| Altar of Elders | 1 | |
| Ancient of War | 2 | |
| Tree of Ages | 1 | |
| Hunter's Hall | 1 | |
| Tree of Life | 2 | |
| Ancient of Wind | 2 | |
| Tree of Eternity | 1 | |
| Ancient Protector | 1 | |
| Ancient of Wonders | 1 | |
21 total
» build order
00:23 Moon Well
00:41 Altar of Elders
01:50 Ancient of War
01:52 Moon Well
02:00 Ancient of War
02:04 Moon Well
04:15 Moon Well
04:20 Tree of Ages
04:27 Hunter's Hall
05:20 Tree of Life
05:31 Moon Well
06:52 Ancient of Wind
06:55 Ancient of Wind
09:24 Tree of Eternity
10:16 Moon Well
10:19 Moon Well
12:27 Moon Well
12:47 Ancient Protector
21:18 Ancient of Wonders
23:24 Tree of Life
26:41 Moon Well
» items
NaggersNJuice (
orange | 211 APM | 5625 actions | 26:43)
6 Death Knight
3 Death Coil
1 Death Pact
1 Unholy Aura
1 Animate Dead
5 Pit Lord
2 Howl of Terror
3 Cleaving Attack
» actions
| Assign group hotkey | 49 | |
| Basic commands | 5 | |
| Build / train | 117 | |
| ESC pressed | 2 | |
| Enter build submenu | 23 | |
| Enter hero's abilities submenu | 14 | |
| Give item / drop item | 4 | |
| Remove unit from queue | 7 | |
| Right click | 787 | |
| Select / deselect | 476 | |
| Select group hotkey | 4050 | |
| Use ability | 90 | |
5625 total
» units
| Acolyte | 12 | |
| Ghoul | 5 | |
| Crypt Fiend | 13 | |
| Frost Wyrm | 18 | |
| Blue Drake | 1 | |
| Blue Dragon | 4 | |
53 total
» upgrades
| Creature Attack | 1 | |
| Web | 1 | |
| Burrow | 1 | |
| Creature Carapace | 3 | |
| Freezing Breath | 1 | |
7 total
» buildings
| Graveyard | 1 | |
| Crypt | 2 | |
| Ziggurat | 17 | |
| Altar of Darkness | 1 | |
| Tomb of Relics | 1 | |
| Halls of the Dead | 4 | |
| Black Citadel | 3 | |
| Sacrificial Pit | 1 | |
| Boneyard | 2 | |
| Necropolis | 1 | |
| Spirit Tower | 10 | |
| Nerubian Tower | 2 | |
45 total
» build order
00:47 Graveyard
00:50 Crypt
00:53 Ziggurat
01:00 Altar of Darkness
01:20 Tomb of Relics
01:51 Ziggurat
03:03 Ziggurat
03:13 Halls of the Dead
03:14 Halls of the Dead
05:50 Black Citadel
05:50 Black Citadel
07:20 Sacrificial Pit
08:13 Boneyard
09:23 Ziggurat
09:52 Ziggurat
09:52 Ziggurat
09:59 Ziggurat
10:05 Necropolis
10:08 Ziggurat
11:26 Boneyard
11:43 Spirit Tower
11:43 Spirit Tower
11:43 Spirit Tower
11:44 Spirit Tower
11:45 Spirit Tower
11:45 Spirit Tower
11:53 Nerubian Tower
11:53 Nerubian Tower
23:04 Spirit Tower
23:04 Spirit Tower
23:05 Spirit Tower
25:00 Ziggurat
25:01 Ziggurat
25:05 Ziggurat
25:31 Ziggurat
25:41 Crypt
25:51 Ziggurat
25:53 Ziggurat
25:55 Ziggurat
25:57 Ziggurat
26:37 Ziggurat
» items
| Rod of Necromancy | 1 | |
| Sacrificial Skull | 1 | |
| Boots of Speed | 1 | |
| Orb of Corruption | 1 | |
4 total

»
Iquitwhnrushed (
green | 48 APM | 1151 actions | 23:56)
6 Priestess of the Moon
1 Scout
3 Searing Arrows
1 Trueshot Aura
1 Starfall
» actions
| Build / train | 92 | |
| Enter build submenu | 24 | |
| Enter hero's abilities submenu | 6 | |
| Right click | 721 | |
| Select / deselect | 267 | |
| Use ability | 41 | |
1151 total
» units
| Wisp | 22 | |
| Goblin Shredder | 1 | |
| Dryad | 23 | |
| Druid of the Claw | 8 | |
54 total
» upgrades
| Strength of the Wild | 3 | |
| Reinforced Hides | 3 | |
| Abolish Magic | 1 | |
| Well Spring | 1 | |
| Ultravision | 1 | |
| Druid of the Claw Training | 2 | |
| Mark of the Claw | 1 | |
12 total
» buildings
| Moon Well | 8 | |
| Tree of Ages | 4 | |
| Altar of Elders | 1 | |
| Hunter's Hall | 1 | |
| Ancient of Wonders | 1 | |
| Tree of Eternity | 4 | |
| Ancient of Wind | 2 | |
| Ancient of Lore | 5 | |
| Tree of Life | 2 | |
| Ancient Protector | 2 | |
30 total
» build order
00:22 Moon Well
00:23 Moon Well
02:09 Tree of Ages
02:10 Tree of Ages
02:10 Tree of Ages
02:13 Altar of Elders
02:28 Hunter's Hall
02:39 Ancient of Wonders
03:24 Moon Well
05:38 Tree of Eternity
05:38 Tree of Eternity
05:39 Tree of Eternity
06:04 Ancient of Wind
06:38 Ancient of Lore
07:40 Ancient of Lore
07:55 Tree of Life
08:15 Moon Well
09:10 Tree of Life
09:41 Ancient Protector
09:43 Ancient Protector
09:55 Ancient of Lore
09:58 Ancient of Lore
10:17 Ancient of Lore
10:23 Moon Well
10:25 Moon Well
12:57 Moon Well
12:58 Moon Well
17:54 Ancient of Wind
» items
Chat log
(00:27 / Allies) NeoExdeath: bear/dott
(00:34 / Allies) GeorgeWObama: raiders
(00:45 / Allies) 2girls1puck: fiends/stat/wyrm
(01:38 / Allies) JeremiahJohnson: 200 games and you still build an altar this late george?
(01:49 / Allies) GeorgeWObama: eh we won't be rushed
(02:11 / Allies) NeoExdeath: ive been rushed so many times on salom and this map
(02:21 / Allies) GeorgeWObama: i wait til i have 190 wood so i can tech seamlessly
(02:33 / Allies) JeremiahJohnson: lol
(02:36 / All) NaggersNJuice: sure
(02:48 / All) NeoExdeath: ?
(02:49 / All) GeorgeWObama: can you hear me?
(02:55 / All) NaggersNJuice: yep
(03:02 / All) GeorgeWObama: figures, must be patriot act hard at work
(03:10 / All) Iquitwhnrushed: i hear jeffery dahmer
(03:54 / Allies) NeoExdeath: all
(05:18 / Allies) JeremiahJohnson: start clearing ur expos
(06:00 / All) Iquitwhnrushed: fuck u
(06:02 / Allies) GeorgeWObama: teal you want that?
(06:08 / All) Iquitwhnrushed: stfu
(07:35 / Allies) GeorgeWObama: take
(09:04 / All) Iquitwhnrushed: u fucking asshole
(09:15 / Allies) NeoExdeath: well that rules out crows
(09:28 / All) PeonTheWall: hi
(11:47 / Allies) JeremiahJohnson: !votekick neo
(11:59 / Allies) NeoExdeath: lol
(12:03 / Allies) NeoExdeath: there isnt a bot
(13:05 / Allies) 2girls1puck: you want crystal ball?
(13:08 / Allies) JeremiahJohnson: ya
(13:21 / Allies) JeremiahJohnson: thats a lot of air
(13:36 / Allies) NeoExdeath: get tanks teal
(13:45 / Allies) GeorgeWObama: do we have tough melee
(13:57 / Allies) GeorgeWObama: bears
(13:59 / Allies) GeorgeWObama: well i can net them
(14:07 / Allies) JeremiahJohnson: we dont need melee
(14:10 / Allies) JeremiahJohnson: their air will rape your melee
(14:24 / Allies) NeoExdeath: and if u get tanks we win
(14:29 / Allies) JeremiahJohnson: nah ill leave the aa to you
(14:59 / Allies) NeoExdeath: hippos wont do much against 60 gargs tho...
(15:13 / Allies) JeremiahJohnson: thats true
(15:15 / Allies) JeremiahJohnson: stay back on towers
(15:18 / Allies) JeremiahJohnson: dont fight away from them
(15:20 / Allies) JeremiahJohnson: well get raped
(15:22 / All) Iquitwhnrushed: fuck off
(15:34 / Allies) JeremiahJohnson: uill get gyros with falk
(15:58 / Allies) JeremiahJohnson: good suicide
(15:59 / Allies) JeremiahJohnson: 4/5
(16:05 / Allies) NeoExdeath: b
(16:05 / Allies) NeoExdeath: bb
(16:10 / Allies) JeremiahJohnson: if they attack the tower wall
(16:12 / Allies) JeremiahJohnson: everyone tp right away
(16:14 / Allies) JeremiahJohnson: or towers will die fast
(16:16 / Allies) JeremiahJohnson: stay back on the towers
(16:25 / Allies) JeremiahJohnson: tp now
(16:25 / Allies) JeremiahJohnson: gg
(16:28 / Allies) JeremiahJohnson: too slow
(16:30 / Allies) NeoExdeath: no shop
(16:33 / Allies) JeremiahJohnson: tp now
(16:42 / Allies) NeoExdeath: u got no shop there
(16:46 / Allies) JeremiahJohnson: and?
(16:51 / Allies) JeremiahJohnson: back
(16:52 / Allies) JeremiahJohnson: back
(16:53 / Allies) JeremiahJohnson: pull back
(17:07 / Allies) NeoExdeath: we lose
(17:12 / Allies) JeremiahJohnson: not if u stay back
(17:14 / Allies) JeremiahJohnson: we are winning slowly
(17:26 / Allies) JeremiahJohnson: dont fo farther forward thena towers
(18:23 / Allies) NeoExdeath: check there
(18:40 / Allies) JeremiahJohnson: all together
(18:41 / Allies) JeremiahJohnson: keep making units
(18:49 / Allies) JeremiahJohnson: meet up
(18:51 / Allies) NeoExdeath: back
(18:53 / Allies) JeremiahJohnson: back to towers
(19:18 / Allies) NeoExdeath: we lose
(19:27 / Allies) NeoExdeath: the defensive game never works
(19:30 / Allies) JeremiahJohnson: go
(19:31 / Allies) JeremiahJohnson: attack now
(19:32 / Allies) JeremiahJohnson: all
(19:37 / Allies) JeremiahJohnson: GO
(19:38 / Allies) JeremiahJohnson: UNDEAD
(19:39 / Allies) JeremiahJohnson: U THERe?
(19:42 / Allies) JeremiahJohnson: GO
(19:44 / Allies) JeremiahJohnson: THEY ARE SPLIT UP
(19:44 / Allies) JeremiahJohnson: GO
(19:46 / Allies) JeremiahJohnson: OFFENSE TIEM
(19:49 / Allies) JeremiahJohnson: we leave towers now
(19:50 / Allies) JeremiahJohnson: coward
(20:03 / Allies) NeoExdeath: focus hero
(20:10 / Allies) JeremiahJohnson: get some damn units
(20:11 / Allies) 2girls1puck: like they did us...
(20:48 / Allies) JeremiahJohnson: stun that fucking hero
(20:49 / Allies) JeremiahJohnson: jesus
(21:22 / Allies) JeremiahJohnson: go fagots
(21:43 / Allies) JeremiahJohnson: u thin i need lumber noob?
(21:44 / Allies) JeremiahJohnson: make a fukcing army
(22:40 / Allies) NeoExdeath: i coulda if u didnt take up all the gold mines
(22:51 / Allies) JeremiahJohnson: i took then because nonoe of you morons would have
(22:54 / Allies) JeremiahJohnson: in less than 2 hours
(23:03 / Allies) JeremiahJohnson: lol
(23:04 / Allies) JeremiahJohnson: gj going alone
(23:05 / Allies) JeremiahJohnson: noobdead
(23:35 / Allies) GeorgeWObama: pink move
(23:42 / Allies) GeorgeWObama: ty
(24:35 / Allies) NeoExdeath: fuck
(24:37 / Allies) NeoExdeath: no mana
(24:38 / Allies) JeremiahJohnson: another fine suicide
(24:40 / Allies) JeremiahJohnson: by the orc
(24:40 / Allies) NeoExdeath: to cyclone
(26:41 / Allies) JeremiahJohnson: lol hes creeping
(27:50 / Allies) NeoExdeath: b
(27:51 / Allies) NeoExdeath: bb
(27:51 / Allies) NeoExdeath: b
(27:52 / Allies) NeoExdeath: b
(29:19 / Allies) NeoExdeath: meet
(30:01 / Allies) NeoExdeath: k we make them tp
(30:09 / Allies) NeoExdeath: teal u nuke their main
(31:00 / All) JeremiahJohnson: LOL
(31:02 / All) NeoExdeath: gg
(31:06 / All) JeremiahJohnson: GOOD RAPE
(33:23 / All) JeremiahJohnson: good use of starfall
(33:37 / All) JeremiahJohnson: good use of raise dead
(34:03 / Allies) NeoExdeath: run
(35:11 / All) JeremiahJohnson: one last attack
(35:14 / All) JeremiahJohnson: beofre u lose all ur buildings
(35:15 / All) JeremiahJohnson: come on bring it
(35:28 / Allies) NeoExdeath: we need those helis up here
(35:59 / All) JeremiahJohnson: no
(36:01 / All) JeremiahJohnson: attack our base
(36:07 / All) PeonTheWall: na u ran
(36:15 / All) PeonTheWall: got no frost
(36:24 / All) JeremiahJohnson: u could have 50 frosts and youd get raped
(36:25 / All) JeremiahJohnson: rofl
(36:39 / All) NeoExdeath: u luckey there wasnt bats involved
(36:41 / All) NeoExdeath: or tanks
(36:47 / All) PeonTheWall: dumass team refused to get units